 Dungeon Crawl Stone Soup version bcrawl-1.21.3 (webtiles) character file.

Game seed: 11725926598382893358

391 MisterOstroum the Skirmisher (level 6, -3/48 HPs)
             Began as a Mummy Wanderer on Mar 30, 2020.
             Slain by a worker ant (7 damage)
             ... on level 4 of the Dungeon.
             The game lasted 00:25:16 (7663 turns).

MisterOstroum the Skirmisher (Mummy Wanderer)       Turns: 7663, Time: 00:25:17

Health: -3/48      AC: 11    Str: 18    XL:     6   Next: 50%
Magic:  9/10       EV: 11    Int: 14    God:
Gold:   153        SH:  0    Dex:  8    Spells: 7/10 levels left

rFire    x . .     SeeInvis .   s - +2 dagger (protect)
rCold    + . .     Gourm    .   (no shield)
rNeg     + + +     Faith    .   o - +0 leather armour
rPois    ∞         Spirit   .   m - +0 helmet
rElec    .         Reflect  .   (no cloak)
rCorr    .         Harm     .   (no gloves)
MR       .....     Clarity  +   (no boots)
Stlth    +.........             (no amulet)
HPRegen  0.16/turn              (no ring)
MPRegen  0.12/turn              (no ring)

@: protection aura
A: no food or potions, fire vulnerability, clarity, cold resistance 1, negative
energy resistance 3, torment resistance, unbreathing
a: no special abilities


You were on level 4 of the Dungeon.
You were not hungry.

You visited 1 branch of the dungeon, and saw 4 of its levels.

You collected 153 gold pieces.

Inventory:

Hand Weapons
 a - a +0 whip
 b - a +0 blowgun
 p - a +1 hand axe of freezing
 q - a +0 flail
 s - a +2 dagger of protection (weapon)
Missiles
 f - 173 stones (quivered)
 i - 527 arrows
 r - 23 poisoned needles
Armour
 d - a +0 robe
 g - a +0 plate armour
 m - a +0 helmet (worn)
 o - a +0 leather armour (worn)
Wands
 e - a wand of enslavement (9)
Scrolls
 c - 2 scrolls of teleportation {@r3 !r}
 h - a scroll of immolation {unknown}
 j - a scroll of enchant weapon {unknown}
 k - 3 scrolls of remove curse {@r2}
 l - a scroll of blinking {@r4}
 n - 2 scrolls of enchant armour


   Skills:
 * Level 3.8 Fighting
 * Level 3.4 Maces & Flails
   Level 1.0 Bows
 - Level 2.4 Armour
 + Level 1.4 Stealth
   Level 1.0 Shields
 - Level 2.6 Spellcasting
 - Level 2.1 Hexes
   Level 1.0 Air Magic
 - Level 1.0 Evocations


You had 7 spell levels left.
You knew the following spells:

 Your Spells              Type           Power        Failure   Level  Hunger
a - Infusion              Chrm           #.......     26%         1    N/A
b - Slow                  Hex            #.......     11%         1    N/A
c - Summon Butterflies    Summ           #.......     26%         1    N/A

Your spell library contained the following spells:

 Spells                   Type           Power        Failure   Level  Hunger
 Apportation              Tloc           #.....       26%         1    N/A
 Magic Dart               Conj           #...         26%         1    N/A
 Sandblast                Erth           #.....       26%         1    N/A
 Summon Small Mammal      Summ           #...         26%         1    N/A
 Call Imp                 Summ           #.....       36%         2    N/A
 Searing Ray              Conj           #.......     36%         2    N/A
 Call Canine Familiar     Summ           #.......     61%         3    N/A
 Iskenderun's Mystic Bla  Conj           #.......     61%         3    N/A
 Fulminant Prism          Conj/Hex       #.........   86%         4    N/A
 Summon Ice Beast         Ice/Summ       #.......     95%         4    N/A
 Summon Lightning Spire   Summ/Air       #.......     99%         5    N/A
 Irradiate                Conj/Tmut      #.........   100%        5    N/A

Dungeon Overview and Level Annotations

Branches:
Dungeon (4/12)
 Temple: D:4-7

Altars:
Lugonu

Shops:
D:4 :

Annotations:
D:3 Grinder


Innate Abilities, Weirdness & Mutations

You do not eat or drink.
Your flesh is vulnerable to fire.
You are immune to poison.
You possess an exceptional clarity of mind.
Your flesh is cold resistant. (rC+)
You are immune to negative energy. (rN+++)
You are immune to unholy pain and torment.
You can survive without breathing.


Message History

Orders for allies: a - Attack new target. r - Retreat! s - Stop attacking. g - Guard the area. f - Follow me.
Anything else - Cancel.
Gang up on whom?
Press: ? - help, Dir - move target cursor, f - you
Okay, then.
Unknown command.
What are your orders? t - Shout!
Orders for allies: a - Attack new target. r - Retreat! s - Stop attacking. g - Guard the area. f - Follow me.
Anything else - Cancel.
Retreat in which direction?
Press: ? - help, Dir - move target cursor Fall back!
You kill your orc wizard!
Things that are here:
a +2 dagger of protection; a +0 robe; an orc corpse You can't eat.
s - a +2 dagger of protection Wield which item (- for none, * to show all)? (? for menu, Esc to quit)
Your +2 dagger of protection hums with potential!
s - a +2 dagger of protection (weapon)
You start resting.
Magic restored.
You hear the rusting of a distant drain.
You start resting.
A worker ant comes into view.
No path to travel!
Casting: Slow (safe; 11% risk of failure)
Confirm with . or Enter, or press ? or * to list all spells.
Aiming: Slow (safe; 11% risk of failure)
Press: ? - help, Shift-Dir - straight line, f - worker ant
Aim: a worker ant (chance to defeat MR: 50%)
The worker ant seems to slow down.
You hit the worker ant.
Your weapon exudes an aura of protection.
The worker ant is lightly wounded.
The worker ant bites you.
* * * LOW HITPOINT WARNING * * *
You closely miss the worker ant.
The worker ant is lightly wounded.
You hear the brisk rusting of a distant drain.
The worker ant barely misses you.
Casting: Slow (safe; 11% risk of failure)
Confirm with . or Enter, or press ? or * to list all spells.
You begin infusing your attacks with magical energy.
The worker ant barely misses you.
You hit the worker ant.
Your weapon exudes an aura of protection.
The worker ant is lightly wounded.
Your magical infusion is running out.
The worker ant barely misses you.
You hit the worker ant.
The worker ant is moderately wounded.
You hit the worker ant.
The worker ant is heavily wounded.
The worker ant barely misses you.
You barely miss the worker ant.
The worker ant is heavily wounded.
The worker ant bites you but does no damage.
You hit the worker ant.
The worker ant is almost dead.
The worker ant bites you.
* * * LOW HITPOINT WARNING * * *
You closely miss the worker ant.
The worker ant is almost dead.
The worker ant is no longer moving slowly.
The worker ant barely misses you.
You barely miss the worker ant.
The worker ant is almost dead.
You are no longer magically infusing your attacks.
The worker ant waves its antennae.
The worker ant barely misses you.
You closely miss the worker ant.
The worker ant is almost dead.
The worker ant bites you.
* * * LOW HITPOINT WARNING * * *
You barely miss the worker ant.
The worker ant is almost dead.
The worker ant bites you.
* * * LOW HITPOINT WARNING * * *
You barely miss the worker ant.
The worker ant is almost dead.
The worker ant bites you but does no damage.
Casting: Infusion (safe; 26% risk of failure)
Confirm with . or Enter, or press ? or * to list all spells.
Aiming: Slow (safe; 11% risk of failure)
Press: ? - help, Shift-Dir - straight line, f/p - worker ant
Aim: a worker ant (almost dead, chance to defeat MR: 50%)
Okay, then.
Unknown command.
You hit the worker ant.
Your weapon exudes an aura of protection.
The worker ant is almost dead.
The worker ant bites you but does no damage.
The worker ant bites you!
You die...

.. #...#....# #. #..###...#
####.#########.#####..#####
.....>..).).)≈............#
####..########.......####..#
#..# ###.##### # #..# #..#
#..#########a## ##### #
#..#.....[...@###⌠.⌠# ...
#..#..........##..∩.###..##.
#..'..........+..⌠.⌠†.......
.....##.[........#########...#.
##.## ############ ... ... . #.
.. #


You could see a worker ant.

Vanquished Creatures
  A sky beast (D:4)
  An orc priest (D:2)
  3 orc wizards (D:4)
  Jessica (D:2)
  Robin (D:1)
  3 adders
  4 oozes
  3 worms
  4 dart slugs
  3 leopard geckos
  9 orcs
  3 giant cockroaches
  9 goblins
  5 hobgoblins
  11 jackals
  A quokka (D:2)
  A ball python (D:1)
  5 bats
  3 frilled lizards (D:1)
  11 kobolds
  8 rats
90 creatures vanquished.

Vanquished Creatures (collateral kills)
  2 jackals (D:4)
2 creatures vanquished.

Grand Total: 92 creatures vanquished

Notes
Turn   | Place    | Note
-------+----------+-------------------------------------------
     0 | D:1      | MisterOstroum the Mummy Wanderer began the quest for the
                  | Orb.
     0 | D:1      | MisterOstroum set off with the following items: a +0 club,
                  | a scroll of teleportation {@r3 !r}, a +0 robe; and the
                  | following spells available to memorise: Apportation,
                  | Infusion, Magic Dart, Sandblast, Slow, Summon Butterflies,
                  | Searing Ray, Iskenderun's Mystic Blast, Fulminant Prism,
                  | Irradiate
     0 | D:1      | Reached XP level 1. HP: 15/15 MP: 4/4
     2 | D:1      | Learned a level 1 spell: Infusion
     4 | D:1      | Learned a level 1 spell: Slow
   248 | D:1      | Reached XP level 2. HP: 22/22 MP: 2/5
   487 | D:1      | Reached skill level 1 in Hexes
   880 | D:1      | Reached XP level 3. HP: 27/27 MP: 7/7
  1484 | D:1      | Reached skill level 1 in Maces & Flails
  1916 | D:2      | Reached XP level 4. HP: 11/33 MP: 4/8
  2128 | D:2      | Noticed Robin
  3749 | D:2      | Noticed Jessica
  3759 | D:2      | Killed Jessica
  5021 | D:1      | Killed Robin
  5021 | D:1      | Reached XP level 5. HP: 30/39 MP: 6/9
  6310 | D:3      | Noticed a sky beast
  6761 | D:3      | Found a corrupted altar of Lugonu.
  6763 | D:3      | Noticed Grinder
  7102 | D:3      | Paralysed by Grinder for 4 turns
  7256 | D:4      | Learned a level 1 spell: Summon Butterflies
  7444 | D:4      | Noticed a sky beast
  7473 | D:4      | Found Caicw's Book Boutique.
  7551 | D:4      | Reached skill level 1 in Stealth
  7551 | D:4      | Reached XP level 6. HP: 28/47 MP: 7/10
  7553 | D:4      | Killed a sky beast
  7571 | D:4      | HP: 2/48 [something (5)]
  7663 | D:4      | Slain by a worker ant

Skill      XL: |  1  2  3  4  5 |
---------------+----------------+-----
Fighting       | 2 3 |  3.8
Hexes          | 1 2 |  2.1
Maces & Flails | 1 2 3 |  3.4
Stealth        | 1 |  1.4
Bows           | |  1.0
Armour         | |  2.4
Shields        | |  1.0
Spellcasting   | |  2.6
Air Magic      | |  1.0
Evocations     | |  1.0

Action                   |  1- 3 |  4- 6 || total
-------------------------+-------+-------++-------
Melee: Club              |    49 |       ||    49
       Whip              |   116 |   279 ||   395
       Flail             |       |    19 ||    19
       Dagger            |       |    13 ||    13
       Blowgun           |       |     1 ||     1
 Fire: Blowgun           |       |    31 ||    31
Throw: Stone             |     3 |    26 ||    29
 Cast: Slow              |    31 |   109 ||   140
       Infusion          |    13 |    18 ||    31
Evoke: Wand              |       |     2 ||     2
  Use: Scroll            |     2 |     3 ||     5
Armor: Robe              |    33 |    25 ||    58
       Leather armour    |       |    39 ||    39
Dodge: Dodged            |    95 |   157 ||   252
